 Dungeon Crawl Stone Soup version 0.27-a0-1200-g94dc6ad4cf (webtiles) character file.

Game seed: 6498131516681322652

12 bilbop the Magician (level 2, 0/22 HPs)
             Began as a Djinni Venom Mage on May 31, 2021.
             Slain by a jackal (1 damage)
             ... on level 1 of the Dungeon.
             The game lasted 00:03:14 (482 turns).

bilbop the Magician (Djinni Venom Mage)              Turns: 482, Time: 00:03:14

Health: 0/22       AC:  3    Str:  7    XL:     2   Next: 45%
Gold:   23         EV: 11    Int: 16    God:
                   SH:  0    Dex: 13

rFire    + + +     SeeInvis .   e - +0 dagger
rCold    . . .     Faith    .   (no shield)
rNeg     . . .     Spirit   .   d - +0 leather armour
rPois    ∞         Reflect  .   (no helmet)
rElec    .         Harm     .   c - scarf {rC+ rF+}
rCorr    .         Rampage  .   (no gloves)
Will     .....                  (boots unavailable)
Stlth    ++........             (no amulet)
HPRegen  0.07/turn              (no ring)
MPRegen  0.00/turn              (no ring)

@: flying
A: sickness immunity, fire resistance 2, cold vulnerability 1, float, innate
caster, hp casting, extra vitality 1
a: no special abilities


You were on level 1 of the Dungeon.
You visited 1 branch of the dungeon, and saw 1 of its levels.

You collected 23 gold pieces.

Inventory:

Hand Weapons
 b - a +0 mace
 e - a +0 dagger (weapon)
Armour
 a - a +0 robe
 c - a scarf of resistance (worn)
 d - a +0 leather armour (worn)


   Skills:
 + Level 0.5 Fighting
 + Level 0.4 Short Blades
 - Level 2.1 Dodging
 * Level 2.0 Stealth
 + Level 2.5 Spellcasting


You couldn't memorise any spells.
You knew the following spells:

 Your Spells              Type           Power      Damage    Failure   Level
a - Sting                 Tmut/Pois      40%        1d5       11%         1
b - Poisonous Vapours     Pois/Air       20%        N/A       16%         2
c - Mephitic Cloud        Conj/Pois/Air  10%        N/A       32%         3
d - Ignite Poison         Fire/Tmut/Pois 10%        N/A       32%         3
e - Olgreb's Toxic Radia  Pois           10%        N/A       71%         4
Your spell library was empty.

Dungeon Overview and Level Annotations

Branches:
Dungeon (1/15)

Altars:


Innate Abilities, Weirdness & Mutations

You are immune to sickness and miasma.
You are immune to poison.
Your flesh is very heat resistant. (rF++)
You are vulnerable to cold. (rC-)
You float through the air rather than walking.
You learn spells naturally, not from books.
Your magical power is your life essence.
You have superior vitality. (+4 HP)


Message History

Aim: a jackal (64% to hit)
The sting hits the jackal.
The jackal looks even sicker.
You kill the jackal!
Aiming: Sting (safe; 11% risk of failure)
Press: ? - help, Q - select action, (/) - cycle Shift-Dir - straight line, f/p - jackal
Aim: a jackal (64% to hit)
The sting misses the jackal.
The jackal bites you.
Aiming: Sting (safe; 11% risk of failure)
Press: ? - help, Q - select action, (/) - cycle Shift-Dir - straight line, f/p - jackal
Aim: a jackal (64% to hit)
The sting hits the jackal but does no damage.
The jackal is poisoned.
* * * LOW HITPOINT WARNING * * *
The jackal completely misses you. The jackal barely misses you.
You see here 20 arrows.
You hit the jackal but do no damage.
The jackal is moderately wounded.
The jackal bites you.
* * * LOW HITPOINT WARNING * * *
The jackal misses you.
You miss the jackal.
The jackal is severely wounded.
The jackal bites you.
* * * LOW HITPOINT WARNING * * *
You hit the jackal but do no damage.
The jackal is severely wounded.
The jackal bites you.
* * * LOW HITPOINT WARNING * * *
You hit the jackal but do no damage.
The jackal is severely wounded.
The jackal barely misses you. The jackal completely misses you.
You hit the jackal.
The jackal is almost dead.
You kill the jackal!
The jackal misses you.
You barely miss the jackal. The jackal barely misses you.
Your magical contamination has completely faded away.
You hit the jackal but do no damage. The jackal bites you.
You die...

#####.....###.####..##
##...## #..#...##
#...#####...###
#####.#.#......##
..........###.##
#####...### #.#
#....## #.#
#...#..####.###.>##
#.#.##@#...........
#.#. #h#.########## .
#. #†#.# # #.#.# #†#.#
#.#.# #...# #..##
#....#


You could see a jackal.

Vanquished Creatures
  2 ball pythons (D:1)
  A giant cockroach (D:1)
  A goblin (D:1)
  3 jackals (D:1)
  A quokka (D:1)
  A frilled lizard (D:1)
  A rat (D:1)
10 creatures vanquished.

Notes
Turn   | Place    | Note
-------+----------+-------------------------------------------
     0 | D:1      | bilbop the Djinni Venom Mage began the quest for the Orb.
     0 | D:1      | Reached XP level 1. HP: 15/15 MP: 0/0
   176 | D:1      | Reached XP level 2. HP: 17/22 MP: 0/0
   478 | D:1      | HP: 1/22 [jackal (1)]
   482 | D:1      | Slain by a jackal

Illustrated notes

Levels and vault maps discovered:
D:1:      matt_arrival_grand_opening, layout_rooms, minmay_misc_feat_room

Skill      XL: |  1  2 |
---------------+-------+-----
Stealth        | 2 |  2.0
Fighting       | |  0.5
Short Blades   | |  0.4
Dodging        | |  2.1
Spellcasting   | |  2.5

Action                   || total
-------------------------++-------
Melee: Dagger            ||    25
       Mace              ||     1
 Cast: Sting             ||    16
Armor: Leather armour    ||     6
Dodge: Dodged            ||    28

Table legend: (Time is in decaauts)
 A = Elapsed time spent in this place.
 B = Non-inter-level travel time spent in this place.
 C = Inter-level travel time spent in this place.
 D = Time resting spent in this place.
 E = Time spent auto-exploring this place.
 F = Levels seen in this place.
 G = Mean time per level.
                   A        B        C        D        E       F      G
               +--------+--------+--------+--------+--------+-----+--------+
         Total |    480 |    469 |     11 |    137 |    221 |   1 |  480.0 |
       Dungeon |    480 |    469 |     11 |    137 |    221 |   1 |  480.0 |
               +--------+--------+--------+--------+--------+-----+--------+

Top non-repeatable levels by time:
     D:1: 480 daAuts
